 Dungeon Crawl Stone Soup version 0.25-a0-651-g8c222c7 (webtiles) character file.

Game seed: 7394479610667191760, levelgen mode: deterministic

19375 Dorkslayer the Cleaver (level 12, -6/76 HPs)
             Began as a Gargoyle Fighter on Mar 21, 2020.
             Was a Priest of the Shining One.
             Mangled by an orc warrior
             ... wielding a +0 glaive
             ... summoned by an orange crystal statue
              (10 damage)
             ... while paralysed
             ... on level 1 of the Orcish Mines.
             The game lasted 01:11:33 (10079 turns).

Dorkslayer the Cleaver (Gargoyle Fighter)          Turns: 10079, Time: 01:11:34

Health: -6/76      AC: 32    Str: 23    XL:     12   Next: 68%
Magic:  0/17       EV:  2    Int: -1 (9) God:    the Shining One [***...]
Gold:   858        SH:  0    Dex: 13    Spells: 11/11 levels left

rFire    . . .     SeeInvis +   u - +4 hand axe (freeze)
rCold    + . .     Gourm    .   c - +0 kite shield
rNeg     + + .     Faith    .   v - +4 plate armour
rPois    ∞         Spirit   .   (no helmet)
rElec    +         Reflect  .   k - +0 cloak
rCorr    .         Harm     .   (no gloves)
MR       .....     Rnd*Rage +   J - +1 pair of boots {Stlth+}
Stlth    ..........             (no amulet)
HPRegen  0.22/turn              g - ring of protection from cold
MPRegen  0.15/turn              i - +3 ring of protection

@: confused, paralysed, brilliant, hasted and slowed, lost intelligence,
glowing, studying Dodging
A: talons 1, large bone plates 1, see invisible, agile 1, berserk 1, negative
energy resistance 1, electricity resistance, unbreathing, petrification
resistance, rot immunity, AC +8
a: Divine Shield, Renounce Religion


You were on level 1 of the Orcish Mines.
You worshipped the Shining One.
The Shining One was most pleased with you.
You were not hungry.

You visited 4 branches of the dungeon, and saw 14 of its levels.
You also visited: Bailey.

You collected 1100 gold pieces.
You spent 242 gold pieces at shops.

Inventory:

Hand Weapons
 a - a +1 war axe
 u - a +4 hand axe of freezing (weapon)
 H - a +1 hand axe of flaming
 K - a cursed +0 broad axe
Missiles
 l - 64 boomerangs (quivered)
 q - 22 poisoned darts
 L - 7 silver javelins
Armour
 c - a +0 kite shield (worn)
 k - a +0 cloak (worn)
 v - a +4 plate armour (worn)
 J - a +1 pair of boots of stealth (worn)
Jewellery
 g - a ring of protection from cold (left hand)
 i - a +3 ring of protection (right hand)
 x - an uncursed ring of flight
Wands
 b - a wand of iceblast (12)
 w - a wand of digging (6)
 B - a wand of paralysis (11)
 G - a wand of scattershot (5)
 M - a wand of enslavement (4)
Scrolls
 e - 3 scrolls of enchant armour
 h - 3 scrolls of teleportation
 m - a scroll of enchant weapon
 o - a scroll of amnesia
 p - 2 scrolls of fear
 t - 2 scrolls of blinking
 y - a scroll of fog
 A - 5 scrolls of remove curse
 I - 2 scrolls of identify
Potions
 j - a potion of brilliance
 s - 3 potions of stabbing
Books
 d - a manual of Dodging
Comestibles
 f - 14 rations


   Skills:
 * Level 9.2 Fighting
 + Level 9.5 Axes
 + Level 4.4 Throwing
 + Level 7.3 Armour
 * Level 7.8 Dodging
 + Level 8.9 Shields
 * Level 6.4 Invocations
 * Level 7.0 Evocations


You had 11 spell levels left.
You didn't know any spells.
Your spell library contained the following spells:

 Spells                   Type           Power        Failure   Level  Hunger
 Corona                   Hex            #......      100%        1    None
 Magic Dart               Conj           #...         100%        1    None
 Shock                    Conj/Air       #...         100%        1    None
 Ensorcelled Hibernation  Hex/Ice        #.....       100%        2    None
 Searing Ray              Conj           #.....       100%        2    None
 Swiftness                Chrm/Air       #.......     100%        2    None
 Confusing Touch          Hex            #.......     100%        3    None
 Dazzling Flash           Conj/Hex       #.....       100%        3    None
 Static Discharge         Conj/Air       #.......     100%        3    None
 Tukima's Dance           Hex            #.......     100%        3    None
 Airstrike                Air            #.........   100%        4    None
 Fulminant Prism          Conj/Hex       #.........   100%        4    None
 Iskenderun's Mystic Bla  Conj/Tloc      #.......     100%        4    None
 Lightning Bolt           Conj/Air       #.........   100%        5    None


Dungeon Overview and Level Annotations

Branches:
Dungeon (11/15)            Temple (1/1) D:7            Lair (1/6) D:8
    Orc (1/2) D:10         Bailey (visited)

Altars:
Gozag
Okawaru
Trog
Xom
Zin
The Shining One
Beogh

Shops:
D:4 *

Annotations:
Orc:1 1 runed translucent door, exclusion: 4 orange crystal statues


Innate Abilities, Weirdness & Mutations

You are resistant to torment.
Your stone body is resilient. (AC +8)
You are immune to poison.
You resist negative energy. (rN+)
You are resistant to electric shocks. (rElec)
You can survive without breathing.
You are immune to petrification.
You are immune to rotting.
You have sharp toenails.
You are partially covered in large bone plates. (SH +4)
You have supernaturally acute eyesight. (SInv)
You are agile. (Dex +2)
You tend to lose your temper in combat.


Message History

The warg bites you!
* * * LOW HITPOINT WARNING * * *
The orc warrior hits your orc warrior with a +0 dire flail!!
The warg barely misses you.
The ogre hits your orc warrior with a +0 giant spiked club!
Your orc warrior dies!
Your orc warrior's corpse dissolves into shadows!
The orange crystal statue glitters. x2
The orc warrior hits you from afar with a +0 halberd.
* * * LOW HITPOINT WARNING * * *
The orc knight hits you but does no damage.
The warg bites you but does no damage.
The orc shouts!
The orc priest dissolves into shadows!
The orc dissolves into shadows!
The orc wizard dissolves into shadows!
The orc dissolves into shadows!
The warg bites you but does no damage.
The orc warrior hits you with a +0 dire flail!
* * * LOW HITPOINT WARNING * * *
The orc warrior hits you from afar with a +0 glaive!
You die...

##............##..##
##.#...............#
##.................##
#..................#
##....#............#
#.......#########.#
##......#8h...o8#.#
##.......#.#ooo#h#.#
#........#.ooooo@#.#
##.......+.ooooho'.#
#.......#.o.oooO#.#
##....#..#o#o.o#$#.#
#....#...#8oo...8#.#
#........#########.#
##.................#
##...........#...###
#......#.....##.##


You could see 4 orange crystal statues, an orc knight, 3 wargs, 9 orc warriors,
an ogre, 4 orc priests, 2 orc wizards and 7 orcs.

Vanquished Creatures
  A hydra (D:8)
  The ghost of Caerwyn the Blocker, a journeyman GnFi of Ashenzari (D:10)
  6 two-headed ogres
  An ogre mage (Orc:1)
  2 death knights (D:11)
  Pikel (D:3)
  3 orc knights
  2 orc sorcerers (Orc:1)
  2 komodo dragons (Lair:1)
  A kobold demonologist (D:11)
  A troll (D:9)
  Grinder (D:5)
  2 dream sheep (D:8)
  A hippogriff (Lair:1)
  8 yaks
  Sigmund (D:5)
  A wraith (D:11)
  A warg (Orc:1)
  2 porcupines (Lair:1)
  A sky beast (D:8)
  3 ice beasts
  3 phantoms
  3 eyes of draining
  13 orc warriors
  7 ogres
  5 centaurs
  4 big kobolds
  5 bullfrogs
  A gnoll sergeant (D:6)
  4 scorpions
  6 killer bees (D:10)
  3 howler monkeys (D:7)
  11 wights
  5 crimson imps
  A bullfrog zombie (D:9)
  A quasit (D:9)
  7 hounds
  3 jellies
  4 orc priests
  2 bullfrog skeletons
  A centaur skeleton (D:6)
  Jessica (D:3)
  7 iguanas
  Ijyb (D:4)
  7 orc wizards
  6 worker ants
  A killer bee zombie (D:8)
  A hound skeleton (D:5)
  A worker ant zombie (D:8)
  3 gnolls (D:6)
  6 adders
  4 shadow imps
  2 oozes
  An adder zombie (D:7)
  3 worms
  A dart slug (D:1)
  53 orcs
  A ball python (D:3)
  7 bats
  5 giant cockroaches
  13 goblins
  11 hobgoblins
  17 jackals
  27 kobolds
  6 quokkas
  6 frilled lizards
  A jackal zombie (D:8)
  5 rats
328 creatures vanquished.

Vanquished Creatures (others)
  A scorpion (D:4)
  An adder skeleton (D:4)
  A leopard gecko (D:4)
3 creatures vanquished.

Grand Total: 331 creatures vanquished

Notes
Turn   | Place    | Note
-------+----------+-------------------------------------------
     0 | D:1      | Dorkslayer the Gargoyle Fighter began the quest for the
                  | Orb.
     0 | D:1      | Reached XP level 1. HP: 14/14 MP: 1/1
   149 | D:1      | Reached XP level 2. HP: 18/19 MP: 2/2
   453 | D:1      | Reached XP level 3. HP: 24/24 MP: 3/3
  1195 | D:2      | Reached skill level 1 in Dodging
  1195 | D:2      | Reached XP level 4. HP: 29/29 MP: 4/4
  1679 | D:3      | Noticed Jessica
  1683 | D:3      | Killed Jessica
  1683 | D:3      | Reached XP level 5. HP: 28/33 MP: 5/5
  2065 | D:3      | Found an opulent altar of Gozag.
  2206 | D:3      | Reached skill level 1 in Throwing
  2252 | D:4      | Found Oniopecas's Assorted Antiques.
  2252 | D:4      | Noticed a phantom
  2335 | D:4      | Killed a phantom
  2335 | D:4      | Reached skill level 1 in Evocations
  2335 | D:4      | Reached XP level 6. HP: 18/39 MP: 6/6
  2337 | D:4      | Bought a scroll labeled JIDYIDGH ACRUOS for 22 gold pieces
  2337 | D:4      | Bought a scroll labeled ADEHACWAEBI for 22 gold pieces
  2529 | D:4      | Noticed a slave
  2529 | D:4      | Noticed a slave
  2533 | D:4      | Noticed Pikel
  2536 | D:4      | Noticed a slave
  2538 | D:4      | Noticed a slave
  2751 | D:3      | Killed Pikel
  2751 | D:3      | Reached skill level 5 in Fighting
  2751 | D:3      | Reached XP level 7. HP: 8/44 MP: 6/8
  2971 | D:4      | Noticed Ijyb
  2993 | D:4      | Killed Ijyb
  2993 | D:4      | Reached XP level 8. HP: 48/49 MP: 9/9
  3209 | D:4      | Bought a distressingly furry ring mail for 198 gold pieces
  3219 | D:4      | Identified the +2 ring mail "Qakatit" {rPois} (You bought
                  | it in a shop on level 4 of the Dungeon)
  3363 | D:5      | Entered Level 5 of the Dungeon
  3533 | D:5      | Noticed Sigmund
  3836 | D:5      | Noticed Grinder
  3852 | D:5      | Paralysed by Grinder for 6 turns
  3860 | D:5      | Paralysed by Grinder for 4 turns
  3875 | D:5      | Paralysed by something for 4 turns
  3910 | D:5      | Paralysed by Grinder for 5 turns
  3917 | D:5      | Killed Grinder
  3917 | D:5      | Reached skill level 5 in Shields
  3962 | D:5      | Killed Sigmund
  3962 | D:5      | Reached skill level 5 in Axes
  3962 | D:5      | Reached skill level 5 in Armour
  4265 | D:6      | Reached XP level 9. HP: 55/55 MP: 11/11
  5244 | D:7      | Found a staircase to the Ecumenical Temple.
  5265 | Temple   | Entered the Ecumenical Temple
  5284 | Temple   | Became a worshipper of the Shining One
  5572 | D:8      | Found a staircase to the Lair.
  5626 | D:8      | Found a flagged portal.
  5635 | Bailey   | Entered a bailey
  5644 | Bailey   | Noticed an orc knight
  5720 | Bailey   | Killed an orc knight
  5720 | Bailey   | Reached skill level 1 in Invocations
  5721 | Bailey   | Noticed an orc knight
  5731 | Bailey   | Reached XP level 10. HP: 50/61 MP: 13/13
  5749 | Bailey   | Killed an orc knight
  6010 | D:8      | Reached * piety under the Shining One
  6104 | D:8      | Noticed a two-headed ogre
  6112 | D:8      | Killed a two-headed ogre
  6410 | D:8      | Reached skill level 5 in Evocations
  6449 | D:8      | Noticed a three-headed hydra
  6453 | D:8      | Killed a one-headed hydra
  6453 | D:8      | Reached skill level 5 in Dodging
  6453 | D:8      | Reached XP level 11. HP: 57/67 MP: 13/15
  6508 | Lair:1   | Entered Level 1 of the Lair of Beasts
  6687 | Lair:1   | HP: 4/102 [komodo dragon (4)]
  7068 | D:9      | Noticed a two-headed ogre
  7078 | D:9      | Killed a two-headed ogre
  7356 | D:9      | Reached ** piety under the Shining One
  7360 | D:9      | Found a bloodstained altar of Trog.
  7749 | D:10     | Entered Level 10 of the Dungeon
  7875 | D:10     | Found a runed translucent gate.
  7875 | D:10     | Noticed Caerwyn's ghost (journeyman GnFi)
  7908 | D:10     | Reached skill level 5 in Invocations
  7936 | D:10     | Found a runed translucent gate.
  7971 | D:10     | Found a staircase to the Orcish Mines.
  8001 | D:10     | Found a runed translucent gate.
  8002 | D:10     | Found a roughly hewn altar of Beogh.
  8008 | D:10     | Identified the +1 leather armour of Adulir {MR+ Slay+2}
  8070 | D:10     | Killed Caerwyn's ghost
  8176 | D:10     | Gained mutation: You are agile. (Dex +2) [potion of
                  | mutation]
  8176 | D:10     | Gained mutation: Your body sometimes deteriorates upon
                  | taking damage. [potion of mutation]
  8176 | D:10     | Gained mutation: You expend magic power (3 MP) to
                  | strengthen your wands. [potion of mutation]
  8177 | D:10     | Lost mutation: You expend magic power (3 MP) to strengthen
                  | your wands. [potion of mutation]
  8177 | D:10     | Lost mutation: You are agile. (Dex +2) [potion of mutation]
  8177 | D:10     | Gained mutation: Scrolls take you a little longer to read.
                  | [potion of mutation]
  8177 | D:10     | Gained mutation: You are partially covered in large bone
                  | plates. (SH +4) [potion of mutation]
  8177 | D:10     | Gained mutation: You are partially covered in icy blue
                  | scales. (AC +2) [potion of mutation]
  8178 | D:10     | Lost mutation: Your body sometimes deteriorates upon taking
                  | damage. [potion of mutation]
  8178 | D:10     | Lost mutation: You are partially covered in icy blue
                  | scales. (AC +2) [potion of mutation]
  8178 | D:10     | Lost mutation: Scrolls take you a little longer to read.
                  | [potion of mutation]
  8178 | D:10     | Gained mutation: You tend to lose your temper in combat.
                  | [potion of mutation]
  8178 | D:10     | Gained mutation: You have sharp toenails. [potion of
                  | mutation]
  8178 | D:10     | Gained mutation: You are agile. (Dex +2) [potion of
                  | mutation]
  8178 | D:10     | Gained mutation: You have supernaturally acute eyesight.
                  | (SInv) [potion of mutation]
  8302 | D:10     | Reached *** piety under the Shining One
  8605 | D:11     | Noticed a death knight
  8621 | D:11     | Killed a death knight
  8621 | D:11     | Reached XP level 12. HP: 28/75 MP: 16/16
  8630 | D:11     | Noticed a death knight
  8750 | D:11     | Killed a death knight
  9076 | Orc:1    | Entered Level 1 of the Orcish Mines
  9078 | Orc:1    | Noticed a two-headed ogre
  9081 | Orc:1    | Noticed a two-headed ogre
  9082 | Orc:1    | Noticed a two-headed ogre
  9082 | Orc:1    | Noticed an ogre mage
  9084 | Orc:1    | Noticed a two-headed ogre
  9098 | D:10     | Killed a two-headed ogre
  9101 | D:10     | Killed a two-headed ogre
  9319 | D:10     | Killed a two-headed ogre
  9319 | D:10     | Killed a two-headed ogre
  9361 | Orc:1    | Killed an ogre mage
  9639 | Orc:1    | Found a runed translucent door.
  9665 | Orc:1    | Found the +10 tower shield of Ignorance {rN+ Int-4}
  9670 | Orc:1    | Found a runed translucent door.
  9765 | Orc:1    | Noticed a soul eater
 10076 | Orc:1    | Lost intelligence.
 10079 | Orc:1    | Mangled by an orc warrior

Levels and vault maps discovered:
D:1:      beargit_arrival_greenhouse, layout_loops_corners, serial_bayou_pond_b
D:2:      layout_basic
D:3:      layout_loops_ring, first_ration, nicolae_gozag_seed_capital,
          uniq_jessica
D:4:      layout_rooms, serial_shops, shop, kennysheep_path_1, uniq_pikel,
          uniq_ijyb
D:5:      layout_gridville, uniq_grinder, uniq_sigmund
D:6:      layout_basic
D:7:      layout_cave_pools, minmay_temple_entry_mist
D:8:      layout_cave_pools, lair_entry_dummy, enter_bailey_8, hangedman_ranch
          [blue_anna_fruit_fields]
D:9:      layout_basic, trog_eyes_of_draining
D:10:     layout_roguey, david_orc_4, biasface_ghost_orc_armoury
D:11:     layout_small_grid, minmay_misc_feat_tiny, dk_noncrumbling_4
Temple:   minmay_crystal_snake_temple
Lair:1:   layout_regular_city, beast_lair_carwin_6
Orc:1:    layout_caves, chequers_guarded_unrand_ignorance

Skill      XL: |  1  2  3  4  5  6  7  8  9 10 11 12 |
---------------+-------------------------------------+-----
Axes           | 2 3 4 5 6 7 9 |  9.5
Dodging        | 1 2 3 5 6 7 |  7.8
Fighting       | 4 5 6 7 8 9 |  9.2
Throwing       | 1 2 3 4 |  4.4
Shields        | 4 5 6 8 |  8.9
Armour         | 4 5 6 7 |  7.3
Evocations     | 1 2 3 4 5 6 7 |  7.0
Invocations    | 1 3 5 6 |  6.4

Action                   |  1- 3 |  4- 6 |  7- 9 | 10-12 || total
-------------------------+-------+-------+-------+-------++-------
Melee: War axe           |   107 |   240 |   279 |       ||   626
       Hand axe          |       |       |    22 |   598 ||   620
Throw: Boomerang         |       |     2 |    27 |    20 ||    49
       Dart              |       |       |     3 |       ||     3
Invok: Divine Shield     |       |       |       |     4 ||     4
 Abil: Evoke Flight      |       |       |     1 |     2 ||     3
Evoke: Wand              |       |     3 |    25 |    31 ||    59
       Tin of tremorston |       |       |       |     3 ||     3
  Use: Potion            |       |     3 |     5 |    10 ||    18
       Scroll            |       |       |    22 |     9 ||    31
  Eat: Chunk             |     1 |     6 |       |     7 ||    14
       Ration            |       |       |     3 |     3 ||     6
Armor: Scale mail        |    70 |    97 |   167 |       ||   334
       Plate armour      |       |       |    43 |   335 ||   378
Dodge: Dodged            |    31 |    85 |   130 |   139 ||   385
Block: Kite shield       |    61 |   135 |   184 |   344 ||   724

Table legend:
 A = Non-vault XP
 B = Vault XP
 C = Vault XP percentage of total XP
 D = Non-vault monster count
 E = Vault monster count
 F = Vault count percentage of total count
                 A         B        C        D         E       F
            +---------+---------+-------+---------+---------+-------
      Total |   19365 |    8314 |  30.0 |     248 |      80 |  24.4
            +---------+---------+-------+---------+---------+-------
        D:1 |      47 |       5 |   9.6 |      24 |       3 |  11.1
        D:2 |      96 |       0 |   0.0 |      22 |       0 |   0.0
        D:3 |     101 |     666 |  86.8 |      23 |       2 |   8.0
        D:4 |     396 |      36 |   8.3 |      20 |       1 |   4.8
        D:5 |     441 |     486 |  52.4 |      14 |       2 |  12.5
        D:6 |     912 |       0 |   0.0 |      27 |       0 |   0.0
        D:7 |     582 |       0 |   0.0 |      13 |       0 |   0.0
        D:8 |    1931 |    2243 |  53.7 |      18 |       8 |  30.8
        D:9 |    1946 |     498 |  20.4 |      19 |       4 |  17.4
       D:10 |    5245 |    2128 |  28.9 |      34 |      31 |  47.7
       D:11 |    2531 |       0 |   0.0 |       6 |       0 |   0.0
     Lair:1 |    1837 |     778 |  29.8 |      10 |       2 |  16.7
      Orc:1 |    3300 |       0 |   0.0 |      18 |       0 |   0.0
     Bailey |       0 |    1474 | 100.0 |       0 |      27 | 100.0
            +---------+---------+-------+---------+---------+-------
